 Dungeon Crawl Stone Soup version 0.15.2 (webtiles) character file.

109 DrPain the Sneak (level 4, 0/22 HPs)
             Began as a Spriggan Assassin on Jan 20, 2015.
             Succumbed to a kobold's poison
             ... on Level 2 of the Dungeon.
             The game lasted 00:05:27 (3167 turns).

DrPain the Sneak (Spriggan Assassin)                Turns: 3167, Time: 00:05:27

HP   0/22        AC  3     Str  7      XL: 4   Next: 60%
MP   8/8         EV 17     Int 12      God:
Gold 95          SH  0     Dex 18      Spells:  0 memorised,  3 levels left

rFire  . . .     SeeInvis +     w - +2 dagger
rCold  . . .     Clarity  .     c - +0 robe
rNeg   . . .     rCorr    .     (shield restricted)
rPois  .         rRot     .     (helmet restricted)
rElec  .         Spirit   .     d - +0 cloak
SustAb .         Warding  .     (gloves unavailable)
rMut   .         Stasis   .     (boots unavailable)
Gourm  .                        (no amulet)
MR     .....                    (no ring)
                                (no ring)

@: lethally poisoned, very quick, not resistant to hostile enchantments,
stealthy
A: unfitting armour, see invisible, herbivore 3, speed 3, slow metabolism 2
a: no special abilities


You were on level 2 of the Dungeon.
You were not hungry.

You visited 1 branch of the dungeon, and saw 3 of its levels.

You collected 95 gold pieces.

Inventory:

Hand weapons
 f - a +0 blowgun
 k - a +0 dagger
 w - a +2 dagger (weapon)
Missiles
 a - 114 stones (quivered)
 b - 2 curare-tipped needles
 e - 18 poisoned needles
 m - 6 needles of sleeping
Armour
 c - a +0 robe (worn)
 d - a +0 cloak (worn)
 j - a +0 buckler
Comestibles
 o - a royal jelly
Scrolls
 i - a scroll of identify
 l - a scroll of teleportation
 n - 3 scrolls of remove curse
Potions
 g - a potion of porridge
 h - a potion of cancellation
Books
 p - a book of Necromancy

   Spells                             Type                      Level
   Pain                               Necromancy                   1
   Animate Skeleton                   Necromancy                   1
   Vampiric Draining                  Necromancy                   3
   Regeneration                       Charms/Necromancy            3
   Animate Dead                       Necromancy                   4
   Control Undead                     Necromancy                   4


   Skills:
 - Level 1.5 Fighting
 + Level 5.3 Short Blades
 - Level 2.1 Throwing
 - Level 1.5 Dodging
 - Level 6.0 Stealth


You had 3 spell levels left.
You didn't know any spells.

Dungeon Overview and Level Annotations

Branches:
Dungeon (3/15)

Altars:


Innate Abilities, Weirdness & Mutations

You are tiny and cannot use many weapons and most armour.
You have supernaturally acute eyesight.
You are a herbivore.
You cover ground extremely quickly.
You need consume almost no food.


Message History

You are lethally poisoned!
You climb upwards.
* * * LOW HITPOINT WARNING * * *
You feel sick.
There is a stone staircase leading down here.
Drink which item? (? for menu, Esc to quit)
Okay, then.
* * * LOW HITPOINT WARNING * * *
You feel sick.
* * * LOW HITPOINT WARNING * * *
You feel sick.
* * * LOW HITPOINT WARNING * * *
You feel sick.
* * * LOW HITPOINT WARNING * * *
You feel sick.
Read which item? (? for menu, Esc to quit)
Okay, then.
Read which item? (? for menu, Esc to quit)
The giant cockroach waves its antennae.
You die...

#### ...# ...# #############
...# #......##%..# .%.#
#......##+#.## .####
#......@s....######## ....#
#.......^...........# #.#.#
#.............#####.# #.#.#
#.................#.# ..#.#
#......####+###.....# ....#
####.### #.......###
....#########<#######...#..#
.........................>.#
.##.##########.######.####.#


You could see a giant cockroach.

Vanquished Creatures
  5 adders
  2 worms (D:2)
  A ball python (D:2)
  A giant cockroach (D:3)
  4 hobgoblins
  10 jackals
  7 kobolds
  An ooze (D:1)
  5 bats
  A giant newt (D:3)
  5 goblins
  8 rats
50 creatures vanquished.

Notes
Turn   | Place    | Note
--------------------------------------------------------------
     0 | D:1      | DrPain, the Spriggan Assassin, began the quest for the Orb.
     0 | D:1      | Reached XP level 1. HP: 10/10 MP: 2/2
   420 | D:1      | Reached XP level 2. HP: 12/14 MP: 4/4
   602 | D:1      | Reached skill level 6 in Stealth
  1376 | D:2      | Reached XP level 3. HP: 18/18 MP: 6/6
  1924 | D:2      | Reached XP level 4. HP: 22/22 MP: 8/8
  2331 | D:3      | Reached skill level 5 in Short Blades
  3163 | D:2      | HP: 1/22 [poisoned by a kobold]
  3167 | D:2      | Succumbed to a kobold's poison

Action                   |  1- 3 |  4- 6 || total
-------------------------+-------+-------++-------
Melee: Dagger            |   112 |    75 ||   187
 Fire: Blowgun           |    16 |       ||    16
  Use: Potion            |     1 |     3 ||     4
       Scroll            |     2 |     1 ||     3
 Stab: Sleeping          |     2 |     1 ||     3
       Distracted        |       |     1 ||     1
